 Dungeon Crawl Stone Soup version 0.26-a0-964-g69f9a3b9e2 (webtiles) character file.

Game seed: 1127251475527016341

41684 jiml777 the Eclecticist (level 13, -5/63 HPs)
             Began as a Deep Elf Air Elementalist on Dec 1, 2020.
             Killed from afar by a guardian serpent (18 damage)
             ... with a bolt of poison
             ... on level 6 of the Lair of Beasts on Dec 2, 2020.
             The game lasted 02:26:06 (19070 turns).

jiml777 the Eclecticist (DEAE)                     Turns: 19070, Time: 02:26:07

Health: -5/63      AC: 13    Str:  5    XL:     13   Next: 81%
Magic:  2/45       EV: 14    Int: 28    God:
Gold:   958        SH:  0    Dex: 15    Spells: 9/46 levels left

rFire    + . .     SeeInvis .   U - +2 whip of the Modern Beasts {pain, MR++}
rCold    . . .     Faith    .   (no shield)
rNeg     . . .     Spirit   .   V - +0 steam dragon scales
rPois    .         Reflect  .   g - +2 hat {MR+}
rElec    .         Harm     .   M - +2 cloak of Puef {Int+2}
rCorr    .         Rampage  .   H - +2 pair of gloves
MR       ++++.                  (no boots)
Stlth    +++.......             A - amulet of magic regeneration
HPRegen  0.20/turn              S - ring of protection from fire
MPRegen  0.54/turn              f - ring of magical power

@: lethally poisoned (-5 -> -16), hasted, very quick
A: no striking features
a: no special abilities


You were on level 6 of the Lair of Beasts.
You visited 3 branches of the dungeon, and saw 17 of its levels.

You collected 1198 gold pieces.
You spent 240 gold pieces at shops.

Inventory:

Hand Weapons
 O - a +0 scimitar of flaming
 U - the +2 whip of the Modern Beasts (weapon) {pain, MR++}
   (You found it on level 2 of the Lair of Beasts)

   In the hands of one skilled in necromantic magic, it inflicts extra damage on
   living creatures.
   It affects your resistance to hostile enchantments.
Missiles
 q - 183 arrows
 x - 52 poisoned darts
 F - 8 silver boomerangs
 N - 12 curare-tipped darts
Armour
 g - a +2 hat of magic resistance (worn)
 H - a +2 pair of gloves (worn)
 L - a +2 cloak of magic resistance
 M - the +2 cloak of Puef (worn) {Int+2}
   (You found it on level 9 of the Dungeon)

   It affects your intelligence (+2).
 V - +0 steam dragon scales (worn)
Jewellery
 d - an uncursed amulet of regeneration
 f - a ring of magical power (right hand)
 p - an uncursed amulet of guardian spirit
 A - an amulet of magic regeneration (around neck)
 E - an uncursed ring of protection from magic
 S - a ring of protection from fire (left hand)
 W - a +6 ring of strength
Wands
 a - a wand of random effects (16)
 y - a wand of disintegration (33)
 J - a wand of iceblast (2)
 K - a wand of enslavement (14)
 R - a wand of flame (27)
 X - a wand of paralysis (6)
Scrolls
 c - 4 scrolls of enchant weapon
 k - 4 scrolls of teleportation
 n - 3 scrolls of remove curse
 v - a scroll of amnesia
 B - 2 scrolls of fog
 I - 2 scrolls of magic mapping
 P - a scroll of fear
Potions
 b - 2 potions of berserk rage {unknown}
 e - 5 potions of might
 h - a potion of haste
 i - 3 potions of brilliance
 l - a potion of magic
 m - 3 potions of curing
 o - 2 potions of flight
 r - 4 potions of lignification
 u - 2 potions of resistance
 w - 2 potions of cancellation
 T - 2 potions of invisibility


   Skills:
 + Level 0.2 Maces & Flails
 - Level 4.0 Dodging
 - Level 4.0 Stealth
 + Level 17.0 Spellcasting
 * Level 8.5 Conjurations
 - Level 3.0 Hexes
 - Level 2.7 Translocations
 * Level 7.1 Transmutations
 + Level 13.4 Air Magic
 * Level 6.7 Earth Magic
 - Level 8.0 Evocations


You had 9 spell levels left.
You knew the following spells:

 Your Spells              Type           Power        Failure   Level
a - Shock                 Conj/Air       ####         1%          1
b - Swiftness             Air            #######.     0%          2
c - Static Discharge      Conj/Air       ######..     1%          3
d - Airstrike             Air            #######...   1%          4
e - Lightning Bolt        Conj/Air       ######....   1%          5
f - Blink                 Tloc           N/A          1%          2
g - Slow                  Hex            #####...     1%          2
h - Statue Form           Tmut/Erth      ######...    17%         6
i - Iskenderun's Battles  Conj           ######..     1%          5
j - Orb of Destruction    Conj           ######....   45%         7

Your spell library contained the following spells:

 Spells                   Type           Power        Failure   Level
 Magic Dart               Conj           ####         1%          1
 Sting                    Tmut/Pois      ####         1%          1
 Poisonous Vapours        Pois/Air       ######       1%          2
 Conjure Flame            Conj/Fire      #####...     1%          3
 Mephitic Cloud           Conj/Pois/Air  ######..     1%          3
 Ignite Poison            Fire/Tmut/Pois #####...     2%          3
 Irradiate                Conj/Tmut      ######....   2%          5
 Call Imp                 Summ           ###.....     3%          2
 Bolt of Magma            Conj/Fire/Erth ######....   7%          5
 Iron Shot                Conj/Erth      ######....   13%         6
 Hydra Form               Tmut           ######....   16%         6
 Olgreb's Toxic Radiance  Pois           ###.....     19%         4
 Dragon Form              Tmut           ######....   65%         7
 Spellforged Servitor     Conj/Summ      #####.....   96%         7


Dungeon Overview and Level Annotations

Branches:
Dungeon (10/15)            Temple (1/1) D:6            Lair (6/6) D:8
  Swamp (0/4) Lair:2        Snake (0/4) Lair:4        Slime (0/5) Lair:6
    Orc (0/2) D:10

Altars:
Ashenzari
Cheibriados
Dithmenos
Elyvilon
Fedhas
Gozag
Hepliaklqana
Kikubaaqudgha
Makhleb
Nemelex Xobeh
Okawaru
Qazlal
Ru
Trog
Uskayaw
Vehumet
Wu Jian
Xom
Yredelemnul
Zin
The Shining One
Jiyva

Shops:
D:4 }   D:7 (   D:10 :

Annotations:
Lair:2 3 runed translucent doors, Copingsaw's ghost, journeyman OpFi


Message History

The black mamba barely misses you.
The guardian serpent coils itself and waves its upper body at you.
The cane toad blinks!
The redback blinks!
The black mamba blinks!
The wolf spider blinks!
The black mamba misses you.
The cane toad stings you but does no damage.
The redback bites you.
* * * LOW HITPOINT WARNING * * *
The wolf spider misses you.
The wolf spider bites you but does no damage.
Casting: Airstrike (safe; 1% risk of failure)
Confirm with . or Enter, or press ? or * to list all spells.
You don't have enough magic to cast that spell.
You feel yourself speed up.
The black mamba bites you but does no damage.
The guardian serpent casts a spell at you.
The bolt of poison hits the black mamba!
The black mamba dies!
The bolt of poison hits you!!
You are poisoned.
You die...

####.......#............##**,,,*,
#...#†..........P.#### ***,,,,
*#..#.............#*,****,**,,,
#P...##.....##....#,,,,,,,,*,,,
##...*##.#..##....#*,,,,,,**,,,
**#.†*#.###...##....*,,....*,,,,
**....#.........##...#*,...#*,,,*
*,#..,..#......SF##...*,...*,,,**
***,,,,*##..#..s@*##..##..#*,,**,
*,,,,,,*##.###s...##..#..#,,**,,
*,,,*,,*,.#,,###..§##.#..#,**,,,
**,***,,..*,,,,###..S.#.F##*,,**
*,,***...,,,,,,,###.§..S.#****,
*,** *,,,,,,,,,,,,##...P..#*,,,
**,** *,,,,,,,,,,,,*#......#*,,,
*,,,* *,,,,,,,,,,***##....##***,
**,,****,,,,,,,,***,,*######*,,**


You could see a wolf spider, a guardian serpent, a black mamba, a cane toad, a
redback and a friendly battlesphere.

Vanquished Creatures
  Gastronok (D:10)
  8 hydras
  Erica (D:10)
  Sonja (D:10)
  Pikel (D:9)
  An elephant (Lair:6)
  An oklob plant (Lair:1)
  A cyclops (D:8)
  Maurice (D:8)
  Psyche (D:9)
  10 black mambas
  A torpor snail (Lair:2)
  Maggie (Lair:2)
  14 cane toads
  A rime drake (Lair:6)
  7 komodo dragons
  3 polar bears
  2 hornets (Lair:6)
  Prince Ribbit (D:6)
  22 blink frogs
  8 wyverns
  6 basilisks
  45 yaks
  Eustachio (D:4)
  4 nagas (Lair:4)
  17 water moccasins
  Duvessa (D:4)
  5 orc warriors
  A sky beast (D:7)
  4 ice beasts
  2 black bears (D:7)
  A phantom (D:9)
  14 wolves
  3 ogres
  3 centaurs
  2 big kobolds
  11 bullfrogs
  A wyvern skeleton (D:7)
  A scorpion (D:9)
  Dowan (D:4)
  5 killer bees (D:7)
  2 electric eels (D:10)
  3 howler monkeys (D:7)
  A bullfrog zombie (D:6)
  A quasit (D:5)
  2 centaur zombies
  5 jellies
  4 orc priests
  4 hounds
  3 bullfrog skeletons
  An iguana (D:6)
  7 orc wizards
  4 worker ants
  2 killer bee zombies
  A centaur simulacrum (D:10)
  Robin (D:3)
  4 gnolls (D:9)
  9 adders
  3 hound simulacra (D:10)
  A shadow imp (D:9)
  5 white imps
  A worker ant simulacrum (D:10)
  3 ufetubi
  2 oozes
  An adder zombie (D:9)
  A worm (D:2)
  A dart slug (D:1)
  An adder simulacrum (D:10)
  5 leopard geckos
  25 orcs
  5 giant cockroaches
  9 goblins
  8 hobgoblins
  10 jackals
  3 quokkas
  A ball python (D:1)
  4 bats
  5 frilled lizards
  A jackal skeleton (D:4)
  15 kobolds
  A quokka skeleton (D:4)
  A quokka zombie (D:5)
  5 rats
386 creatures vanquished.

Vanquished Creatures (others)
  A black mamba (Lair:6)
  38 fungi
  84 plants
123 creatures vanquished.

Grand Total: 509 creatures vanquished

Notes
Turn   | Place    | Note
-------+----------+-------------------------------------------
     0 | D:1      | jiml777 the Deep Elf Air Elementalist began the quest for
                  | the Orb.
     0 | D:1      | Reached XP level 1. HP: 10/10 MP: 6/6
     0 | D:1      | Upgraded the game from 0.26-a0-958-gf3041fb45f to
                  | 0.26-a0-964-g69f9a3b9e2
   351 | D:1      | Reached XP level 2. HP: 15/15 MP: 2/8
   542 | D:1      | Learned a level 2 spell: Swiftness
  1273 | D:2      | Found a glowing golden altar of the Shining One.
  1524 | D:2      | Reached XP level 3. HP: 19/19 MP: 10/10
  1806 | D:3      | Found an ornate altar of the Wu Jian Council.
  1807 | D:3      | Noticed Robin
  1815 | D:3      | Killed Robin
  1974 | D:3      | Reached XP level 4. HP: 24/24 MP: 11/11
  2172 | D:3      | Reached skill level 4 in Spellcasting
  2301 | D:3      | Learned a level 3 spell: Static Discharge
  2306 | D:3      | Learned a level 4 spell: Airstrike
  2546 | D:3      | Reached XP level 5. HP: 28/28 MP: 13/13
  2997 | D:4      | Noticed Dowan
  3000 | D:4      | Killed Dowan
  3001 | D:4      | Reached skill level 5 in Spellcasting
  3001 | D:4      | Noticed Duvessa
  3173 | D:4      | Noticed Eustachio
  3209 | D:4      | Killed Duvessa
  3210 | D:4      | Reached XP level 6. HP: 29/32 MP: 0/16
  3362 | D:4      | Killed Eustachio
  3363 | D:4      | Reached skill level 6 in Spellcasting
  3363 | D:4      | Reached skill level 5 in Air Magic
  3534 | D:4      | Found Duidil's Gadget Shoppe.
  3718 | D:4      | Reached XP level 7. HP: 36/36 MP: 14/18
  4564 | D:5      | Entered Level 5 of the Dungeon
  4567 | D:5      | Reached skill level 7 in Spellcasting
  5116 | D:5      | Found a hazy altar of Hepliaklqana.
  5539 | D:6      | Found a glowing silver altar of Zin.
  5664 | D:6      | Noticed Prince Ribbit
  5667 | D:6      | Killed Prince Ribbit
  5668 | D:6      | Reached skill level 1 in Evocations
  5668 | D:6      | Reached XP level 8. HP: 41/41 MP: 17/21
  5972 | D:6      | Reached skill level 8 in Spellcasting
  5978 | D:6      | Learned a level 5 spell: Lightning Bolt
  6076 | D:6      | Found a staircase to the Ecumenical Temple.
  6126 | Temple   | Entered the Ecumenical Temple
  6607 | D:7      | Found Juniger's Antique Weapon Boutique.
  6801 | D:7      | Reached skill level 9 in Spellcasting
  6894 | D:7      | Reached XP level 9. HP: 45/45 MP: 14/24
  7136 | D:7      | Found a sparkling altar of Nemelex Xobeh.
  7325 | D:7      | Reached skill level 10 in Spellcasting
  7447 | D:8      | Noticed Maurice
  7452 | D:8      | Killed Maurice
  7453 | D:8      | Reached skill level 5 in Evocations
  7617 | D:8      | Found a staircase to the Lair.
  7677 | D:8      | Noticed a cyclops
  7682 | D:8      | Killed a cyclops
  8179 | D:8      | Reached skill level 11 in Spellcasting
  8475 | D:9      | Reached XP level 10. HP: 50/50 MP: 6/27
  8661 | D:9      | Noticed Psyche
  8665 | D:9      | Killed Psyche
  8736 | D:9      | Noticed Pikel
  8746 | D:9      | Killed Pikel
  8747 | D:9      | Reached skill level 12 in Spellcasting
  8769 | D:9      | Reached skill level 10 in Air Magic
  9485 | D:9      | Got an ancient cloak
  9495 | D:9      | Identified the +2 cloak of Puef {Int+2} (You found it on
                  | level 9 of the Dungeon)
  9761 | D:10     | Entered Level 10 of the Dungeon
  9955 | D:10     | Found a staircase to the Orcish Mines.
 10085 | D:10     | Noticed Gastronok
 10096 | D:10     | Killed Gastronok
 10097 | D:10     | Reached skill level 13 in Spellcasting
 10222 | D:10     | Noticed Sonja
 10229 | D:10     | Killed Sonja
 10230 | D:10     | Reached XP level 11. HP: 46/54 MP: 30/30
 10364 | D:10     | Found Kunuygguge's Book Shoppe.
 10372 | D:10     | Bought a book of Minor Magic for 240 gold pieces
 10375 | D:10     | Learned a level 2 spell: Blink
 10378 | D:10     | Learned a level 2 spell: Slow
 10385 | D:10     | Learned a level 6 spell: Statue Form
 10608 | D:10     | Noticed Erica
 10613 | D:10     | Killed Erica
 10614 | D:10     | Reached skill level 1 in Hexes
 10614 | D:10     | Reached skill level 1 in Translocations
 10614 | D:10     | Reached skill level 1 in Transmutations
 10614 | D:10     | Reached skill level 1 in Earth Magic
 11198 | Lair:1   | Entered Level 1 of the Lair of Beasts
 11665 | Lair:1   | Reached skill level 5 in Conjurations
 11969 | Lair:1   | Reached skill level 14 in Spellcasting
 12599 | Lair:1   | Reached XP level 12. HP: 59/59 MP: 19/32
 13362 | Lair:2   | Got a shimmering whip
 13362 | Lair:2   | Identified the +2 whip of the Modern Beasts {pain, MR++}
                  | (You found it on level 2 of the Lair of Beasts)
 13369 | Lair:2   | Noticed a five-headed hydra
 13374 | Lair:2   | Killed a five-headed hydra
 13407 | Lair:2   | Noticed a four-headed hydra
 13412 | Lair:2   | Killed a four-headed hydra
 13413 | Lair:2   | Reached skill level 15 in Spellcasting
 13522 | Lair:2   | Found a staircase to the Swamp.
 14112 | Lair:2   | Found a runed translucent gate.
 14112 | Lair:2   | Found a runed translucent gate.
 14114 | Lair:2   | Found a runed translucent gate.
 14117 | Lair:2   | Noticed Copingsaw's ghost (journeyman OpFi)
 14135 | Lair:2   | Found a viscous altar of Jiyva.
 14188 | Lair:2   | Noticed Maggie
 14192 | Lair:2   | Killed Maggie
 14193 | Lair:2   | Reached skill level 5 in Transmutations
 14686 | Lair:3   | Learned a level 5 spell: Iskenderun's Battlesphere
 14694 | Lair:3   | Learned a level 7 spell: Orb of Destruction
 14929 | Lair:3   | Reached skill level 5 in Earth Magic
 16003 | Lair:4   | Noticed an eight-headed hydra
 16007 | Lair:4   | Killed an eight-headed hydra
 16112 | Lair:4   | Reached XP level 13. HP: 51/63 MP: 28/34
 16323 | Lair:4   | Found a staircase to the Snake Pit.
 16504 | Lair:4   | Reached skill level 16 in Spellcasting
 17982 | Lair:6   | Entered Level 6 of the Lair of Beasts
 18012 | Lair:6   | Found an iron altar of Okawaru.
 18938 | Lair:6   | Reached skill level 17 in Spellcasting
 19070 | Lair:6   | Killed from afar by a guardian serpent

Illustrated notes

Levels and vault maps discovered:
D:1:      scummos_arrival_gate, layout_basic, minmay_statues_item
D:2:      layout_loops_cross, nicolae_overflow_hidden_temple,
          minmay_misc_feat_chi, minmay_strange_pillars
D:3:      layout_rooms, nicolae_overflow_crystal_walls, uniq_robin
D:4:      layout_basic, serial_shops, kennysheep_mini_moat, uniq_duvessa,
          uniq_eustachio
D:5:      layout_gridville, lemuel_crystal_altar
D:6:      layout_basic, zin_treasury, temple_doors_ab, uniq_prince_ribbit1
D:7:      layout_basic, kennysheep_mini, serial_shops, shop_fountains,
          hangedman_decor_riveting
D:8:      layout_basic, lair_entry_dummy, minivault_26, uniq_maurice
D:9:      layout_basic, chequers_serial_rivers_micro_b, minmay_diced_spiral,
          uniq_psyche, uniq_pikel
D:10:     layout_roguey, david_orc_3, serial_ice, serial_ice_d, serial_ice_c,
          serial_ice_i, serial_ice_o, serial_ice_a, serial_ice_n, serial_ice_f,
          serial_shops, shop, uniq_erica, uniq_sonja, uniq_gastronok
Temple:   eino_temple_scatter_basement
Lair:1:   layout_regular_city, minmay_lair_oklob_chamber, grunt_megastairs_1,
          lemuel_fruit_tree, lemuel_fruit_fields
Lair:2:   layout_cave_shapes, swamp_mist_pool, gammafunk_ghost_ooze,
          chequers_serial_rivers_room_a, uniq_maggie
Lair:3:   layout_roguey, grunt_megastairs_3
Lair:4:   layout_roguey, minmay_snake_entry_guardpost_small,
          lemuel_fruit_fields, serial_bayou_shore_b
Lair:5:   layout_regular_city
Lair:6:   hangedman_lair_tendril_chambers, layout_loops_ring,
          minmay_slime_entry_jelly_boxes, basic_altar, bobbens_ice_dragon_lair

Skill      XL: |  1  2  3  4  5  6  7  8  9 10 11 12 13 |
---------------+----------------------------------------+-----
Stealth        | 3 4 |  4.0
Conjurations   | 2 3 4 5 7 8 |  8.5
Dodging        | 3 4 |  4.0
Spellcasting   | 4 5 6 7 9 11 13 14 15 17 | 17.0
Air Magic      | 4 5 7 9 10 11 12 13 | 13.4
Evocations     | 1 4 6 7 8 |  8.0
Hexes          | 3 |  3.0
Translocations | 2 |  2.7
Transmutations | 3 5 7 |  7.1
Earth Magic    | 3 5 6 |  6.7
Maces & Flails | |  0.2

Action                   |  1- 3 |  4- 6 |  7- 9 | 10-12 | 13-15 || total
-------------------------+-------+-------+-------+-------+-------++-------
Melee: Mace              |       |       |     2 |     7 |       ||     9
       Whip              |       |       |       |    12 |     7 ||    19
 Cast: Shock             |    66 |    67 |    21 |    17 |     8 ||   179
       Airstrike         |       |    17 |   120 |   293 |   174 ||   604
       Swiftness         |       |       |     2 |     4 |       ||     6
       Lightning Bolt    |       |       |     5 |    56 |    13 ||    74
       Blink             |       |       |       |     1 |     1 ||     2
       Static Discharge  |       |       |       |       |     2 ||     2
       Iskenderun's Batt |       |       |       |       |     1 ||     1
Evoke: Wand              |       |       |       |     1 |     2 ||     3
  Use: Scroll            |     5 |     9 |     7 |    13 |     2 ||    36
       Potion            |       |     3 |       |     7 |     6 ||    16
Armor: Robe              |     2 |     1 |    14 |    21 |       ||    38
       Steam dragon scal |       |       |       |     7 |    33 ||    40
Dodge: Dodged            |    18 |    16 |    24 |    90 |    52 ||   200

Table legend: (Time is in decaauts)
 A = Elapsed time spent in this place.
 B = Non-inter-level travel time spent in this place.
 C = Inter-level travel time spent in this place.
 D = Time resting spent in this place.
 E = Time spent auto-exploring this place.
 F = Levels seen in this place.
 G = Mean time per level.
                   A        B        C        D        E       F      G
               +--------+--------+--------+--------+--------+-----+--------+
         Total |  19044 |  18516 |    528 |   7467 |   7708 |  17 | 1120.2 |
       Dungeon |  11650 |  11275 |    375 |   4395 |   4893 |  10 | 1165.0 |
        Temple |    200 |    190 |     10 |      0 |    116 |   1 |  200.0 |
          Lair |   7193 |   7050 |    143 |   3071 |   2699 |   6 | 1198.8 |
               +--------+--------+--------+--------+--------+-----+--------+

Top non-repeatable levels by time:
     D:8: 1702 daAuts
     D:4: 1592 daAuts
     D:9: 1455 daAuts
  Lair:1: 1428 daAuts
  Lair:3: 1420 daAuts
  Lair:5: 1418 daAuts
    D:10: 1267 daAuts
  Lair:2: 1206 daAuts
     D:3: 1146 daAuts
     D:1: 1100 daAuts
     D:7: 1096 daAuts
  Lair:4: 1054 daAuts
     D:5: 880 daAuts
     D:6: 705 daAuts
     D:2: 703 daAuts
